[Event "Titled Tuesday Blitz April 18 Early 2023"]
[White "Skliarov, Viktor"]
[Black "Manukian, Artak"]
[WhiteFideId "14106736"]
[BlackFideId "13301373"]
[WhiteElo "2317"]
[BlackElo "2130"]
[Result "0-1"]
[Round "09"]
[TimeControl "180+2"]
[Date "2023.04.18"]
[WhiteClock "0:00:01"]
[BlackClock "0:00:10"]

1. e4 c5 2. Nf3 a6 3. c3 d5 4. exd5 Qxd5 5. Na3 Bg4 6. Be2 Nf6 7. Nc2 e5 8. Ne3 Qe6 9. Ng5 Bxe2 10. Nxe6 Bxd1 11. Nc7+ Kd8 12. Nxa8 Bh5 13. Nb6 Kc7 14. Nbd5+ Nxd5 15. Nxd5+ Kd6 16. Ne3 Nc6 17. d3 Bg6 18. Ke2 Ke6 19. Bd2 Be7 20. Rad1 Rd8 21. Bc1 b5 22. Rhe1 f5 23. f3 h5 24. Nf1 Kf6 25. Be3 f4 26. Bf2 Bf5 27. Rd2 g5 28. Red1 Kg6 29. h3 g4 30. hxg4 hxg4 31. g3 Rh8 32. d4 gxf3+ 33. Kxf3 e4+ 34. Kg2 e3 35. Bxe3 Be4+ 36. Kf2 fxe3+ 37. Kxe3 Bf5 38. Rf2 cxd4+ 39. cxd4 Bg5+ 40. Kf3 Bf6 41. g4 Bd7 42. Ne3 Nxd4+ 43. Rxd4 Bxd4 44. Rd2 Bxe3 45. Rxd7 Bg5 46. Rd6+ Bf6 47. Rxa6 Rb8 48. b3 b4 49. Ke4 Kg5 50. Kd5 Bc3 51. Kc4 Rc8+ 52. Kd3 Rd8+ 53. Kc4 Rd4+ 54. Kc5 Rxg4 55. a4 bxa3 56. Kd5 Bb2 0-1


[Site "https://www.chess.com"]

[Event "Titled Tuesday Blitz April 18 Early 2023"]
[White "koncheto"]
[Black "Fernandez Siles, Luis"]
[BlackFideId "2209420"]
[WhiteElo "2530"]
[BlackElo "2195"]
[Result "1-0"]
[Round "09"]
[TimeControl "180+2"]
[Date "2023.04.18"]
[WhiteClock "0:00:08"]
[BlackClock "0:00:04"]

1. e4 c5 2. Nf3 Nc6 3. d4 cxd4 4. Nxd4 Nf6 5. Nc3 e5 6. Ndb5 d6 7. Bg5 a6 8. Na3 b5 9. Nd5 Be7 10. Bxf6 Bxf6 11. c3 O-O 12. Be2 Bg5 13. O-O Rb8 14. Nc2 Be6 15. Nce3 Ne7 16. Qd3 Bxe3 17. Nxe3 d5 18. exd5 Nxd5 19. Rad1 Nf4 20. Qc2 Qg5 21. Bf3 f5 22. g3 Nh3+ 23. Kg2 e4 24. Bxe4 fxe4 25. Qxe4 Bc8 26. f4 Qh5 27. Nd5 Kh8 28. Qe5 Qxe5 29. fxe5 Rxf1 30. Kxf1 Bb7 31. e6 Re8 32. Nc7 Rf8+ 33. Ke2 Ng5 34. e7 Bf3+ 35. Ke3 Re8 36. Nxe8 Bxd1 37. Nxg7 Kxg7 38. e8=Q Bg4 39. Qe7+ Nf7 40. Kf4 h5 41. Qa7 Bc8 42. Qa8 Be6 43. Qxa6 Kf6 44. Qxb5 1-0


[Site "https://www.chess.com"]

[Event "Titled Tuesday Blitz April 18 Early 2023"]
[White "Milchev, Nikolay"]
[Black "Topalov, Aleksandar"]
[WhiteFideId "2906090"]
[BlackFideId "925659"]
[WhiteElo "2449"]
[BlackElo "2151"]
[Result "1-0"]
[Round "09"]
[TimeControl "180+2"]
[Date "2023.04.18"]
[WhiteClock "0:00:43"]
[BlackClock "0:00:06"]

1. Nf3 Nf6 2. c4 g6 3. Nc3 Bg7 4. e4 O-O 5. d4 c5 6. d5 d6 7. h3 Na6 8. Bd3 Nc7 9. a4 e5 10. dxe6 Nxe6 11. O-O Nd7 12. Nd5 Nd4 13. Nxd4 Bxd4 14. Kh2 Nb6 15. a5 Nxd5 16. exd5 Qf6 17. Qc2 Bd7 18. Rb1 Rfe8 19. b3 Be5+ 20. Kg1 Qh4 21. Bb2 Bxh3 22. gxh3 Qxh3 23. f3 Bf4 24. Rbe1 Qg3+ 25. Qg2 Qxe1 26. Rxe1 Rxe1+ 27. Bf1 Rae8 28. Qg4 Be3+ 29. Kg2 f5 30. Qh4 Bd2 31. Qf6 R1e5 32. Bxe5 dxe5 33. d6 Rf8 34. Qxe5 Bg5 35. Qxc5 1-0


[Site "https://www.chess.com"]

[Event "Titled Tuesday Blitz April 18 Early 2023"]
[White "Ordekalog"]
[Black "Kopczynski, Michal"]
[BlackFideId "1124200"]
[WhiteElo "2504"]
[BlackElo "2212"]
[Result "1-0"]
[Round "09"]
[TimeControl "180+2"]
[Date "2023.04.18"]
[WhiteClock "0:00:10"]
[BlackClock "0:00:07"]

1. d4 Nf6 2. c4 g6 3. Nc3 Bg7 4. Nf3 d6 5. e4 O-O 6. Be2 e5 7. O-O Nc6 8. d5 Ne7 9. Ne1 Ne8 10. f3 f5 11. g4 f4 12. h4 h6 13. Ng2 Kh7 14. Bd2 Ng8 15. b4 Bf6 16. Be1 a5 17. a3 axb4 18. axb4 Rxa1 19. Qxa1 c6 20. Qa7 cxd5 21. cxd5 Qc7 22. Bd2 Qd8 23. Qf2 Rf7 24. Nb5 Nc7 25. Na7 Na8 26. Ra1 Rc7 27. Nb5 Rc2 28. Rxa8 Rxd2 29. Na7 Ne7 30. h5 gxh5 31. gxh5 Qc7 32. Nxc8 Nxc8 33. Ne1 Nb6 34. Rf8 Qg7+ 35. Kf1 Qxf8 36. Qxb6 Qg7 37. Qxd6 Be7 38. Qe6 Rc2 39. Nd3 Bh4 40. Qf5+ Kg8 41. Qe6+ Kh8 42. Qxe5 Qxe5 43. Nxe5 Rc1+ 44. Kg2 Bf6 45. Ng6+ Kg7 46. Nxf4 Rb1 47. Kg3 Be5 48. Kg4 Kf6 49. Ne6 Rg1+ 50. Kh3 Rh1+ 51. Kg2 Rh2+ 52. Kf1 Rxh5 53. f4 Rh1+ 54. Kg2 Re1 55. fxe5+ Kxe5 56. Bf3 Rb1 57. Nc5 Rb2+ 58. Kg3 Kd4 59. Ne6+ Ke5 60. Nc5 Kd4 61. Nxb7 Rxb4 62. Nd8 Rb3 63. Nc6+ Kc5 64. Kf4 Kd6 65. e5+ Kc5 66. Nd4 Kxd4 67. e6 Rb4 68. Kf5 Rb8 69. d6 Kc5 70. Ke5 Kb6 71. e7 h5 72. d7 Kc7 73. e8=Q Rxe8+ 74. dxe8=Q h4 75. Qh5 Kb6 76. Qxh4 Kc5 77. Qd4+ Kb5 78. Qc3 Ka4 79. Qb2 Ka5 80. Bd1 Ka6 81. Kd6 Ka7 82. Kc6 Ka8 83. Qb7# 1-0


[Site "https://www.chess.com"]

[Event "Titled Tuesday Blitz April 18 Early 2023"]
[White "Mazurkiewicz, Michal"]
[Black "Womacka, Mathias"]
[WhiteFideId "1124943"]
[BlackFideId "4611390"]
[WhiteElo "2054"]
[BlackElo "2377"]
[Result "1-0"]
[Round "09"]
[TimeControl "180+2"]
[Date "2023.04.18"]
[WhiteClock "0:01:12"]
[BlackClock "0:00:02"]

1. e4 c5 2. Nf3 d6 3. g3 e5 4. Bg2 Nc6 5. d3 g6 6. O-O Bg7 7. Nc3 Nge7 8. Nd2 O-O 9. Nc4 Be6 10. Nd5 f5 11. a4 Qd7 12. c3 Kh8 13. f4 exf4 14. gxf4 Rae8 15. a5 Nc8 16. Qa4 fxe4 17. dxe4 Bh3 18. Nce3 Bxg2 19. Nxg2 N8e7 20. Bd2 Nxd5 21. exd5 Nb8 22. Qb3 Qc7 23. Rae1 Nd7 24. c4 Nf6 25. Bc3 Ne4 26. Bxg7+ Kxg7 27. Re3 Nf6 28. f5 Rxe3 29. Qxe3 Qxa5 30. Nf4 Rf7 31. fxg6 hxg6 32. Ne6+ Kg8 33. Ng5 Rf8 34. Qe6+ Kg7 35. Qe7+ Kg8 36. Rxf6 Rxf6 37. Qxf6 Qe1+ 38. Kg2 Qe2+ 39. Kg3 Qe3+ 40. Nf3 Kh7 41. Qf7+ Kh6 42. Qf4+ Qxf4+ 43. Kxf4 1-0


[Site "https://www.chess.com"]

[Event "Titled Tuesday Blitz April 18 Early 2023"]
[White "Koutlas, Nikolaos"]
[Black "Marcziter, Dmitrii"]
[WhiteFideId "25827138"]
[BlackFideId "13900765"]
[WhiteElo "2215"]
[BlackElo "2162"]
[Result "1-0"]
[Round "09"]
[TimeControl "180+2"]
[Date "2023.04.18"]
[WhiteClock "0:02:03"]
[BlackClock "0:00:26"]

1. e4 c5 2. Nf3 a6 3. d4 cxd4 4. Nxd4 e6 5. Ne2 Nf6 6. Nbc3 Qc7 7. g3 Bc5 8. Bg2 Ng4 9. O-O Qb6 10. Qe1 Qa7 11. h3 Ne5 12. Na4 Nbc6 13. Nxc5 Qxc5 14. Be3 Qxc2 15. Nd4 Nxd4 16. Bxd4 d6 17. Rc1 Qa4 18. Qc3 O-O 19. f4 Nc6 20. Bxg7 Re8 21. Qf6 Qb5 22. e5 Qb6+ 23. Kh2 Qd8 24. Qh6 Ne7 25. Bf6 Nf5 26. Qg5+ Kf8 27. Bxd8 h6 28. Qf6 Bd7 29. Qh8# 1-0


[Site "https://www.chess.com"]

[Event "Titled Tuesday Blitz April 18 Early 2023"]
[White "Lorenzo De La Riva, Lazaro"]
[Black "Karthik Sai Ch"]
[WhiteFideId "2268809"]
[BlackFideId "46649484"]
[WhiteElo "2294"]
[BlackElo "2003"]
[Result "1/2-1/2"]
[Round "09"]
[TimeControl "180+2"]
[Date "2023.04.18"]
[WhiteClock "0:00:11"]
[BlackClock "0:00:23"]

1. c4 c6 2. Nf3 d5 3. g3 Nf6 4. d4 Bg4 5. Ne5 Bf5 6. Qb3 Qb6 7. c5 Qxb3 8. axb3 Na6 9. Bd2 Nc7 10. Nc3 Ne4 11. g4 Bg6 12. Bf4 Ne6 13. Be3 f6 14. Nd3 Nxc3 15. bxc3 Bxd3 16. exd3 Nc7 17. f4 Kd7 18. Kd2 g6 19. h4 Bg7 20. h5 Rhe8 21. h6 Bh8 22. f5 g5 23. Be2 e5 24. b4 Re7 25. Bf2 Rae8 26. Rhe1 a6 27. Bf1 Nb5 28. Bg2 exd4 29. Rxe7+ Rxe7 30. cxd4 Re8 31. Be3 Re7 32. Rf1 Re8 33. Ra1 Re7 34. Ra5 Re8 35. Bf2 Re7 36. Ra1 Re8 37. Rb1 Re7 38. Bg3 Nxd4 39. Bd6 Re8 40. Bf1 Nf3+ 41. Kc3 Ne5 42. Be2 Nf7 43. Bf3 Re3 44. Rf1 Nxd6 45. cxd6 Kxd6 46. Kd4 Re5 47. Rc1 Re8 48. Rb1 Ra8 49. Ra1 Rb8 50. Bd1 Re8 51. Bf3 Ra8 52. Re1 b6 53. Re6+ Kd7 54. Kc3 Re8 55. Rxe8 Kxe8 56. d4 Kd7 57. Be2 Kd6 58. Bxa6 b5 59. Kd3 Kc7 60. Bxb5 cxb5 61. Kc3 Kd6 62. Kd3 Ke7 63. Ke3 Kf7 64. Kf3 Bg7 65. hxg7 Kxg7 66. Kg3 Kh6 67. Kh3 Kg7 68. Kg3 Kf7 69. Kh3 Kf8 70. Kg3 Kg8 71. Kh3 Kg7 72. Kg3 1/2-1/2


[Site "https://www.chess.com"]

[Event "Titled Tuesday Blitz April 18 Early 2023"]
[White "Wisniacki, Flavio"]
[Black "Zaichenko, Daria"]
[WhiteFideId "119229"]
[BlackFideId "4197453"]
[WhiteElo "2150"]
[BlackElo "2039"]
[Result "1-0"]
[Round "09"]
[TimeControl "180+2"]
[Date "2023.04.18"]
[WhiteClock "0:01:13"]
[BlackClock "0:01:40"]

1. Nf3 Nf6 2. g3 d5 3. Bg2 e6 4. O-O Be7 5. d4 O-O 6. c4 dxc4 7. Ne5 Nc6 8. Bxc6 bxc6 9. Nxc6 Qe8 10. Nxe7+ Qxe7 11. Qa4 Bb7 12. Qxc4 Rfd8 13. Nc3 Qd6 14. Rd1 c5 15. Bf4 Qc6 16. f3 cxd4 17. Rxd4 Qxc4 18. Rxc4 Ba6 19. Ra4 Bb7 20. Rb4 Bc6 21. Rc4 Rac8 22. Rc1 Bb7 23. Rxc8 Rxc8 24. Nb5 Rxc1+ 25. Bxc1 Ba6 26. Nc3 Nd5 27. Nxd5 exd5 28. Kf2 Kf8 29. Be3 Bc4 30. b3 Bb5 31. Bxa7 Ke7 32. Bd4 f6 33. a4 Ba6 34. b4 Bc4 35. Ke3 Kd6 36. Kd2 Bb3 37. a5 Bc4 38. e3 Kc6 39. Kc3 Kb5 40. Bc5 g6 41. e4 dxe4 42. fxe4 Bf1 43. Kd4 Bg2 44. Be7 f5 45. e5 h6 46. Bc5 g5 47. e6 f4 48. gxf4 gxf4 49. e7 Bc6 50. Ke5 f3 51. Kf6 1-0


[Site "https://www.chess.com"]

[Event "Titled Tuesday Blitz April 18 Early 2023"]
[White "Mikhaylova, Irina"]
[Black "b_6"]
[WhiteFideId "4109040"]
[WhiteElo "1975"]
[BlackElo "2476"]
[Result "0-1"]
[Round "09"]
[TimeControl "180+2"]
[Date "2023.04.18"]
[WhiteClock "0:00:17"]
[BlackClock "0:00:33"]

1. Nf3 Nf6 2. c4 g6 3. Nc3 Bg7 4. e4 d6 5. d4 O-O 6. Be2 Na6 7. O-O e5 8. Be3 Qe7 9. d5 Ng4 10. Bg5 f6 11. Bh4 g5 12. Bg3 f5 13. Nd2 Nf6 14. f3 f4 15. Bf2 h5 16. a3 Kh8 17. b4 g4 18. Bh4 g3 19. h3 Bh6 20. Re1 Qg7 21. Bd3 Nh7 22. Kf1 Rg8 23. Ke2 Nf8 24. c5 Ng6 25. Bxa6 bxa6 26. cxd6 cxd6 27. Nc4 Nxh4 28. Rg1 Qc7 29. Qb3 Bd7 30. Rac1 Rac8 31. Kd2 Qxc4 32. Qxc4 Rxc4 0-1


[Site "https://www.chess.com"]

[Event "Titled Tuesday Blitz April 18 Early 2023"]
[White "Coenen, Michael"]
[Black "Itkis, Boris"]
[WhiteFideId "4697367"]
[BlackFideId "1209167"]
[WhiteElo "2328"]
[BlackElo "2216"]
[Result "1/2-1/2"]
[Round "09"]
[TimeControl "180+2"]
[Date "2023.04.18"]
[WhiteClock "0:00:48"]
[BlackClock "0:00:19"]

1. e4 c5 2. Nf3 Nc6 3. d4 cxd4 4. Nxd4 g6 5. Nb3 Bg7 6. Nc3 Nf6 7. Be2 O-O 8. O-O d6 9. Be3 a6 10. a4 Be6 11. f3 Rc8 12. Qe1 Ne5 13. Qf2 Nc4 14. Bxc4 Bxc4 15. Rfd1 Bxb3 16. cxb3 Nd7 17. Rac1 Re8 18. h3 Qa5 19. Nd5 Rxc1 20. Rxc1 e6 21. Bd2 Qd8 22. Nc3 Nc5 23. Be3 Nd3 24. Qd2 Nxc1 25. Qxc1 Qc7 26. Qd2 Rc8 27. Bf2 Bxc3 28. bxc3 Qxc3 29. Qxd6 Qc6 30. Qe5 Qc1+ 31. Kh2 Qc7 32. Bd4 Qxe5+ 33. Bxe5 Rc1 34. b4 Rb1 35. Bd6 f5 36. e5 Kf7 37. Kg3 Ke8 38. a5 Kd7 39. Kf4 Rb2 40. g3 h6 41. h4 Rg2 42. g4 Kc6 43. Bf8 h5 44. gxh5 gxh5 45. Be7 Kb5 46. Ke3 b6 47. axb6 Kxb6 48. Kf4 Kb5 49. Ke3 Rb2 50. Kf4 Rg2 51. Ke3 Rg1 52. Kf4 Rg2 1/2-1/2


[Site "https://www.chess.com"]

[Event "Titled Tuesday Blitz April 18 Early 2023"]
[White "Erzhanov, Arman"]
[Black "Prudnykova, Olga"]
[WhiteFideId "4138821"]
[BlackFideId "14121093"]
[WhiteElo "2138"]
[BlackElo "2113"]
[Result "1-0"]
[Round "09"]
[TimeControl "180+2"]
[Date "2023.04.18"]
[WhiteClock "0:00:49"]
[BlackClock "0:00:07"]

1. e4 c5 2. Nf3 Nf6 3. e5 Nd5 4. Nc3 e6 5. Ne4 f5 6. Nc3 Nb4 7. d3 N4c6 8. Bf4 Be7 9. h4 Nd4 10. g3 Nbc6 11. Bg2 Nxf3+ 12. Qxf3 Nd4 13. Qh5+ g6 14. Qd1 Rb8 15. Ne2 Nc6 16. Ng1 Qc7 17. Nf3 h6 18. Qd2 Bf8 19. O-O-O b5 20. Rhe1 b4 21. d4 Qa5 22. Kb1 Nxd4 23. Nxd4 cxd4 24. Qxd4 Rb6 25. Re2 Ra6 26. Qc4 Kd8 27. Red2 Rh7 28. Rd4 Qc7 29. Qb5 Qa5 30. Qc4 Qc7 31. Qd3 Qa5 32. Qb3 Bc5 33. R4d2 Ke8 34. Bf1 Rc6 35. Be3 Be7 36. f4 Rh8 37. Rd4 Kf7 38. Bd2 Rb6 39. a3 Qc5 40. Bxb4 Qc6 41. Rc4 Qe4 42. Rxe4 1-0


[Site "https://www.chess.com"]

[Event "Titled Tuesday Blitz April 18 Early 2023"]
[White "Baches Garcia, Guillermo"]
[Black "Tyagi, Kushan"]
[WhiteFideId "2209764"]
[BlackFideId "2040069"]
[WhiteElo "2463"]
[BlackElo "2297"]
[Result "1-0"]
[Round "09"]
[TimeControl "180+2"]
[Date "2023.04.18"]
[WhiteClock "0:01:07"]
[BlackClock "0:00:28"]

1. e4 c5 2. Nf3 e6 3. d4 cxd4 4. Nxd4 a6 5. c4 Nf6 6. Nc3 Qc7 7. a3 b6 8. Be3 Bb7 9. f3 d6 10. Be2 Nbd7 11. O-O Be7 12. a4 O-O 13. a5 bxa5 14. Nb3 Rac8 15. Nxa5 Ba8 16. Qd2 Rb8 17. Rfc1 Nc5 18. b4 Ncd7 19. Na4 Rfc8 20. Rab1 Bc6 21. Nc3 Nb6 22. Nd5 Bxd5 23. cxd5 Qd7 24. Nc6 Bd8 25. Bxa6 Ra8 26. Bxc8 Rxc8 27. Nxd8 Qxd8 28. Rxc8 Nxc8 29. dxe6 fxe6 30. b5 Nb6 31. Qf2 Nc4 32. b6 Nd7 33. b7 Nb8 34. Ba7 1-0


[Site "https://www.chess.com"]

[Event "Titled Tuesday Blitz April 18 Early 2023"]
[White "Jovic, Stanoje"]
[Black "hsd2016"]
[WhiteFideId "905020"]
[WhiteElo "2236"]
[BlackElo "2196"]
[Result "1-0"]
[Round "09"]
[TimeControl "180+2"]
[Date "2023.04.18"]
[WhiteClock "0:00:16"]
[BlackClock "0:00:01"]

1. c4 c5 2. g3 g6 3. Bg2 Bg7 4. Nc3 Nf6 5. Nf3 O-O 6. O-O d6 7. d4 cxd4 8. Nxd4 a6 9. b3 Qc7 10. Bb2 Bd7 11. Rc1 Nc6 12. Nd5 Qd8 13. Nxf6+ Bxf6 14. Nxc6 Bxc6 15. Bxf6 Bxg2 16. Bxe7 Qxe7 17. Kxg2 Rfe8 18. e3 Rad8 19. Qf3 Rd7 20. Rfd1 Red8 21. Rd5 Qe6 22. h4 h5 23. Rcd1 Qe7 24. Qf4 Qe6 25. Qg5 Qe4+ 26. Kg1 Kg7 27. R5d4 Qe6 28. Qa5 Qf6 29. Qd2 Qe6 30. c5 d5 31. e4 Qe7 32. b4 a5 33. a3 axb4 34. axb4 b6 35. c6 Rd6 36. exd5 Qf6 37. Qd3 Qe5 38. Kg2 Re8 39. Qa6 Rf6 40. R1d2 Qc7 41. b5 Qe5 42. Qxb6 Qe1 43. Qc5 Re5 44. c7 Ref5 45. R4d3 1-0


[Site "https://www.chess.com"]

[Event "Titled Tuesday Blitz April 18 Early 2023"]
[White "Jaivardhan Raj"]
[Black "Namitbir Singh Walia"]
[WhiteFideId "25744437"]
[BlackFideId "35071068"]
[WhiteElo "1772"]
[BlackElo "2239"]
[Result "0-1"]
[Round "09"]
[TimeControl "180+2"]
[Date "2023.04.18"]
[WhiteClock "0:00:11"]
[BlackClock "0:00:10"]

1. e4 c5 2. Nf3 Nc6 3. d4 cxd4 4. Nxd4 g6 5. Nc3 Bg7 6. Be3 Nf6 7. Nxc6 bxc6 8. Bc4 Qa5 9. O-O O-O 10. Bd4 e5 11. Be3 Qb4 12. Bb3 Nxe4 13. a3 Nxc3 14. axb4 Nxd1 15. Rfxd1 a6 16. Bc4 d5 17. Be2 Re8 18. b5 Bf5 19. bxc6 d4 20. Bd2 Bxc2 21. Rdc1 d3 22. Bf1 Rec8 23. Ra3 e4 24. f3 Bxb2 25. Raa1 Bxa1 26. Rxa1 f5 27. Rc1 Rxc6 28. g4 Re8 29. Kf2 a5 30. h4 a4 31. h5 a3 32. hxg6 hxg6 33. gxf5 gxf5 34. Bh3 Rf6 35. Bc3 e3+ 36. Ke1 Rd6 37. Ra1 d2+ 38. Ke2 d1=Q+ 39. Rxd1 Bxd1+ 40. Ke1 Bb3 41. Bxf5 Rd1+ 42. Ke2 Rc1 43. Bd4 Bc4+ 44. Bd3 Rc2+ 45. Kd1 Bxd3 46. f4 Rf2 47. Bxe3 Rxe3 48. f5 Rh3 49. f6 Rh1# 0-1


[Site "https://www.chess.com"]

[Event "Titled Tuesday Blitz April 18 Early 2023"]
[White "Szente Varga, Fruzsina"]
[Black "djokovic74"]
[WhiteFideId "712264"]
[WhiteElo "1994"]
[BlackElo "2548"]
[Result "0-1"]
[Round "09"]
[TimeControl "180+2"]
[Date "2023.04.18"]
[WhiteClock "0:00:02"]
[BlackClock "0:00:14"]

1. e4 e5 2. Nf3 Nc6 3. Bb5 a6 4. Ba4 Nf6 5. Qe2 b5 6. Bb3 d6 7. O-O Be7 8. c3 O-O 9. Rd1 Be6 10. Bc2 d5 11. d3 Re8 12. Nbd2 Bc5 13. Nf1 Qe7 14. Ng3 Rad8 15. Bg5 h6 16. Bh4 Bg4 17. Bxf6 Qxf6 18. Kh1 d4 19. h3 Bxf3 20. gxf3 dxc3 21. bxc3 b4 22. Nf5 g6 23. Nxh6+ Kg7 24. Ng4 Qh4 25. Kg2 Rh8 26. Rh1 bxc3 27. Qd1 f5 28. Ne3 Bxe3 29. fxe3 f4 30. Qe1 Qg5+ 31. Kf1 fxe3 32. Qxc3 e2+ 33. Kxe2 Qg2+ 34. Ke3 Nd4 35. Bd1 Qxh1 36. Qxc7+ Kh6 37. Qxe5 Qg1+ 38. Kd2 Qf2+ 39. Kc3 Rc8+ 40. Kb4 Nc6+ 0-1


[Site "https://www.chess.com"]

[Event "Titled Tuesday Blitz April 18 Early 2023"]
[White "Balint, Vilmos"]
[Black "Lenaerts, Lennert"]
[WhiteFideId "718050"]
[BlackFideId "211435"]
[WhiteElo "2034"]
[BlackElo "2334"]
[Result "1-0"]
[Round "09"]
[TimeControl "180+2"]
[Date "2023.04.18"]
[WhiteClock "0:01:35"]
[BlackClock "0:02:35"]

1. e4 e5 2. f4 exf4 3. Bc4 Qh4+ 4. Kf1 g5 5. Nf3 Qh6 6. Nc3 c6 7. d4 Nf6 8. e5 d5 9. exf6 dxc4 10. Qe2+ Be6 11. Qe5 Rg8 12. h4 Nd7 13. Qc7 g4 14. Ne5 Qxf6 15. Qxb7 Rb8 16. Nxd7 1-0


[Site "https://www.chess.com"]

[Event "Titled Tuesday Blitz April 18 Early 2023"]
[White "Gontcharov, Vladislav"]
[Black "Fuzesabonyilaci"]
[WhiteFideId "4123492"]
[WhiteElo "2420"]
[BlackElo "2334"]
[Result "1-0"]
[Round "09"]
[TimeControl "180+2"]
[Date "2023.04.18"]
[WhiteClock "0:02:15"]
[BlackClock "0:01:41"]

1. d4 Nf6 2. c4 e6 3. Nc3 Bb4 4. e3 c5 5. Bd3 Nc6 6. Ne2 d5 7. O-O O-O 8. a3 Bxc3 9. bxc3 b6 10. cxd5 Nxd5 11. c4 Nf6 12. Bb2 cxd4 13. exd4 Bb7 14. Ng3 Rc8 15. Re1 h6 16. Rc1 Qd7 17. d5 exd5 18. Bxf6 dxc4 19. Bh7+ 1-0


[Site "https://www.chess.com"]

[Event "Titled Tuesday Blitz April 18 Early 2023"]
[White "Horak, Martin"]
[Black "DeyanKostov"]
[WhiteFideId "367095"]
[WhiteElo "2091"]
[BlackElo "2330"]
[Result "0-1"]
[Round "09"]
[TimeControl "180+2"]
[Date "2023.04.18"]
[WhiteClock "0:00:01"]
[BlackClock "0:01:57"]

1. e4 c5 2. Nf3 d6 3. d4 Nf6 4. Nc3 cxd4 5. Nxd4 Nc6 6. Bg5 Bd7 7. f4 Rc8 8. Qd2 Nxd4 9. Qxd4 Qa5 10. e5 dxe5 11. fxe5 e6 12. O-O-O Rxc3 13. Qxc3 Qxc3 14. bxc3 Ne4 15. Bd2 Nf2 16. Bd3 Nxh1 17. Rxh1 Bc6 18. Rf1 Bxg2 19. Rg1 Bc6 20. Be3 a6 21. Kd2 g6 22. h4 h5 23. Bg5 Be7 24. c4 Bxg5+ 25. Rxg5 Ke7 26. Ke3 Rd8 27. Rg1 Rc8 28. Rg3 Be8 29. Rg1 Rc5 30. Kf4 Ra5 31. Rb1 Bc6 32. Be4 Rxa2 33. Bxc6 bxc6 34. Rb7+ Ke8 35. Rb8+ Ke7 36. Rb7+ Kf8 37. Kg5 Kg7 38. Rc7 Rxc2 39. Rxc6 a5 40. c5 Rc4 0-1


[Site "https://www.chess.com"]

[Event "Titled Tuesday Blitz April 18 Early 2023"]
[White "chessjazda"]
[Black "Garv Gaur"]
[BlackFideId "45030839"]
[WhiteElo "2327"]
[BlackElo "2068"]
[Result "0-1"]
[Round "09"]
[TimeControl "180+2"]
[Date "2023.04.18"]
[WhiteClock "0:01:49"]
[BlackClock "0:02:15"]

1. d4 Nf6 2. c3 c5 3. Nf3 d5 4. Bf4 Nc6 5. dxc5 a5 6. Nbd2 e6 7. e3 Bxc5 8. Bb5 O-O 9. O-O Bd6 10. Bg3 Qe7 11. Nb3 e5 12. Bh4 Be6 13. Ng5 Bf5 14. Nf3 Rfd8 15. Bxf6 Qxf6 16. Qxd5 e4 17. Nfd4 Bxh2+ 0-1


[Site "https://www.chess.com"]

[Event "Titled Tuesday Blitz April 18 Early 2023"]
[White "ibove"]
[Black "Belov, Alexei"]
[BlackFideId "4128206"]
[WhiteElo "2322"]
[BlackElo "2476"]
[Result "1-0"]
[Round "09"]
[TimeControl "180+2"]
[Date "2023.04.18"]
[WhiteClock "0:00:16"]
[BlackClock "0:00:18"]

1. d4 e6 2. Nf3 d5 3. Bf4 Bd6 4. Bg3 Ne7 5. e3 b6 6. Bd3 Ba6 7. Bxa6 Nxa6 8. c4 Nb8 9. Nc3 Bxg3 10. hxg3 Nd7 11. Qd3 h6 12. Rc1 c5 13. cxd5 exd5 14. dxc5 Nxc5 15. Qb5+ Qd7 16. Qxd7+ Kxd7 17. Rd1 Ke6 18. Nd4+ Kf6 19. Ndb5 Rhc8 20. O-O a6 21. Nd4 Rd8 22. f3 b5 23. a3 Rac8 24. Kf2 Ne6 25. Nc2 Rc4 26. Rd3 Nc5 27. Rd4 Nb3 28. Rd3 Nc5 29. Rdd1 Ne6 30. Rd2 d4 31. exd4 Nxd4 32. Rfd1 Nec6 33. Nxd4 Rcxd4 34. Ke3 Re8+ 35. Ne4+ Kg6 36. Rxd4 Nxd4 37. Rxd4 f5 38. Rd6+ Kf7 39. Rxa6 fxe4 40. fxe4 Rc8 41. Rb6 Rc2 42. Rxb5 Rxg2 43. Rb7+ Kf6 44. Kf3 Rc2 45. a4 Rc5 46. b4 Rc4 47. a5 Ke5 48. a6 Rc3+ 49. Kg4 Kxe4 50. a7 Ra3 51. b5 Kd5 52. b6 Ra4+ 53. Kh5 Kc6 54. Rb8 1-0


[Site "https://www.chess.com"]

[Event "Titled Tuesday Blitz April 18 Early 2023"]
[White "Ng, Gary"]
[Black "Jaskolka, Tomasz"]
[WhiteFideId "2604914"]
[BlackFideId "1170791"]
[WhiteElo "2310"]
[BlackElo "2155"]
[Result "0-1"]
[Round "09"]
[TimeControl "180+2"]
[Date "2023.04.18"]
[WhiteClock "0:00:10"]
[BlackClock "0:00:06"]

1. d4 d5 2. Bf4 c5 3. e3 Nf6 4. dxc5 Nc6 5. Nf3 Bg4 6. Bb5 e6 7. b4 a5 8. c3 Be7 9. Qa4 axb4 10. Bxc6+ bxc6 11. Qxc6+ Nd7 12. Ne5 Rc8 13. Qxd7+ Qxd7 14. Nxd7 Kxd7 15. cxb4 Bf6 16. f3 Bf5 17. e4 dxe4 18. fxe4 Bxe4 19. Nd2 Bxg2 20. O-O-O Bxh1 21. Ne4+ Kc6 22. Nxf6 gxf6 23. Rxh1 Rhd8 24. Rg1 Rd4 25. Bd2 Ra8 26. Bc3 Rh4 27. Rg2 f5 28. Kb2 f4 29. Kb3 f3 30. Rf2 Rf4 31. a4 f6 32. Bd2 Rd4 33. Bc3 Rd3 34. Kc4 Rxc3+ 35. Kxc3 Rxa4 36. Kc4 Ra3 37. b5+ Kc7 38. Rd2 Ra4+ 39. Kb3 Rf4 40. Rf2 e5 41. Kc3 e4 42. Kd4 f5 43. Ke5 e3 44. Ra2 f2 45. Ra7+ Kb8 46. b6 f1=Q 47. Kd6 Rd4+ 48. Kc6 Qf3+ 49. Kb5 Qe2+ 50. Kc6 Qg2+ 51. Kb5 Qb2+ 52. Kc6 e2 53. Rb7+ Kc8 54. Rc7+ Kd8 55. b7 e1=Q 56. Rc8+ Ke7 57. b8=Q Qh1+ 58. Kc7 Rd7# 0-1


[Site "https://www.chess.com"]

[Event "Titled Tuesday Blitz April 18 Early 2023"]
[White "Shuvalov, Evgenij"]
[Black "Makhmudov, Shukhrat"]
[WhiteFideId "4187237"]
[BlackFideId "14200775"]
[WhiteElo "2080"]
[BlackElo "2135"]
[Result "1-0"]
[Round "09"]
[TimeControl "180+2"]
[Date "2023.04.18"]
[WhiteClock "0:00:19"]
[BlackClock "0:00:03"]

1. d4 Nf6 2. c4 e6 3. Nc3 d5 4. cxd5 exd5 5. Bg5 Be7 6. e3 O-O 7. Bd3 Nbd7 8. Nge2 c6 9. Qc2 Re8 10. O-O Nf8 11. f3 a6 12. e4 dxe4 13. fxe4 Ng4 14. Bf4 Bg5 15. Qd2 Ne6 16. Bxg5 Qxg5 17. Qxg5 Nxg5 18. e5 Be6 19. h4 Ne3 20. Rfc1 Nh3+ 21. gxh3 Bxh3 22. Ne4 Bf5 23. Nc5 Bxd3 24. Nxd3 Rad8 25. Nc5 Re7 26. Kf2 Nf5 27. Nb3 Nxh4 28. Ke3 Nf5+ 29. Ke4 Nd6+ 30. Kd3 Nf5 31. Kc3 Ne3 32. Rg1 g6 33. Rae1 Nd5+ 34. Kd2 h5 35. Nc3 Nc7 36. Kc1 Ne6 37. Rd1 Nf4 38. Kb1 Rc7 39. Ne4 Rcd7 40. Nf6+ Kg7 41. Nxd7 Rxd7 42. Rd2 Ne6 43. Rgd1 Rd5 44. Nc1 h4 45. Ne2 g5 46. Rg1 Kg6 47. Kc2 Kh5 48. Kc3 g4 49. Rd3 g3 50. Nxg3+ hxg3 51. Rdxg3 Rxd4 52. Rh1+ Rh4 53. Rxh4+ Kxh4 54. Rg8 Nf4 55. Kd4 Ne6+ 56. Ke4 Nc5+ 57. Kf5 Nd3 58. Rg7 1-0


[Site "https://www.chess.com"]

[Event "Titled Tuesday Blitz April 18 Early 2023"]
[White "HamedWafa4"]
[Black "Smietanska, Wiktoria"]
[BlackFideId "21869359"]
[WhiteElo "2455"]
[BlackElo "1995"]
[Result "1-0"]
[Round "09"]
[TimeControl "180+2"]
[Date "2023.04.18"]
[WhiteClock "0:00:15"]
[BlackClock "0:00:01"]

1. d4 Nf6 2. Bf4 d5 3. Nc3 c5 4. e3 e6 5. Nf3 a6 6. Bd3 Nc6 7. O-O Bd6 8. dxc5 Bxc5 9. e4 dxe4 10. Nxe4 Be7 11. Qe2 Nd5 12. Bg3 O-O 13. Rad1 b5 14. c4 bxc4 15. Bxc4 Bb7 16. Rfe1 Qa5 17. b3 Bb4 18. Rf1 Nce7 19. a3 Bxa3 20. Rb1 Bb4 21. Ra1 Qb6 22. Rfd1 a5 23. Ne5 Rfd8 24. Qh5 g6 25. Qg5 Kg7 26. Ng4 Nf5 27. Bxd5 exd5 28. Be5+ Kg8 29. Nef6+ Kf8 30. Nxh7+ Ke8 31. Nhf6+ Kf8 32. Nh6 1-0


[Site "https://www.chess.com"]